 Dungeon Crawl Stone Soup version 0.17-a0-1176-g3d5a0d0 (webtiles) character file.

132 inmateoo the Magician (level 4, 0/32 HPs)
             Began as a Demonspawn Wizard on May 30, 2015.
             Was a Believer of Cheibriados.
             Slain by a gnoll
             ... wielding a +0 spear
              (6 damage)
             ... on level 3 of the Dungeon.
             The game lasted 00:08:12 (2952 turns).

inmateoo the Magician (Demonspawn Wizard)           Turns: 2952, Time: 00:08:12

Health: 0/32       AC:  3    Str: 12    XL:     4   Next: 92%
Magic:  8/8        EV: 13    Int: 28    God:    Cheibriados [**....]
Gold:   97         SH:  0    Dex: 16    Spells: 4 memorised, 1 level left

rFire  . . .     SeeInvis .     g - +2 whip (distort)
rCold  . . .     Clarity  .     a - +1 robe
rNeg   . . .     SustAt   .     (no shield)
rPois  .         Gourm    .     b - +0 hat
rElec  .         Spirit   .     (no cloak)
rCorr  .         Warding  .     (no gloves)
rMut   .         Stasis   .     (no boots)
MR     .....                    (no amulet)
Stlth  ++........               (no ring)
                                (no ring)

@: repel missiles, very slow, not resistant to hostile enchantments, unstealthy
A: fangs 2, hooves 2, molten scales 1, clever 1, deformed body
a: Bend Time, Renounce Religion


You were on level 3 of the Dungeon.
You worshipped Cheibriados.
Cheibriados was pleased with you.
You were not hungry.

You visited 1 branch of the dungeon, and saw 3 of its levels.

You collected 97 gold pieces.

Inventory:

Hand weapons
 g - a +2 whip of distortion (weapon)
 m - a +3 whip of flaming
Missiles
 f - 29 poisoned needles
Armour
 a - a +1 robe (worn)
 b - a +0 hat (worn)
 l - a +0 helmet
Scrolls
 i - 2 scrolls of immolation
 j - 2 scrolls of amnesia
 n - 2 scrolls of remove curse
 q - a scroll of random uselessness {unknown}
Potions
 e - a potion of heal wounds {unknown}
 k - a potion of might {unknown}
Books
 c - a book of Minor Magic

   Spells                             Type                      Level
   a - Magic Dart                     Conjuration                  1
   b - Blink                          Translocation                2
   c - Call Imp                       Summoning                    2
   d - Repel Missiles                 Charms/Air                   2
   e - Slow                           Hexes                        2
   f - Conjure Flame                  Conjuration/Fire             3
   g - Mephitic Cloud                 Conjuration/Poison/Air       3
Comestibles
 d - 3 bread rations
 h - a beef jerky
 o - 4 fruits
 p - 2 chunks of flesh


   Skills:
 + Level 1.5 Fighting
 * Level 1.4 Maces & Flails
 + Level 2.2 Dodging
 + Level 2.9 Stealth
 + Level 3.1 Spellcasting
 * Level 2.5 Conjurations
   Level 1.0 Summonings
 - Level 0.8 Translocations


You had one spell level left.
You knew the following spells:

 Your Spells              Type           Power        Failure   Level  Hunger
a - Magic Dart            Conj           ###.         3%          1    None
b - Blink                 Tloc           N/A          10%         2    #......
c - Repel Missiles        Chrm/Air       #.....       14%         2    #......
d - Conjure Flame         Conj/Fire      ##......     14%         3    ###....


Dungeon Overview and Level Annotations

Branches:
Dungeon (3/15)

Altars:
Cheibriados

Annotations:
Abyss:1 Robin


Innate Abilities, Weirdness & Mutations

You have hoof-like feet.
You are partially covered in molten scales (AC +1).
You have extremely sharp teeth.
Your mind is acute. (Int +2)
Armour fits poorly on your strangely shaped body.


Message History

The gnoll shouts!
You hit the gnoll.
Space warps horribly around the gnoll!
You kill the gnoll!
Cheibriados appreciates the change of pace.
The gnoll shouts!
The gnoll closely misses you.
Things that are here:
a halberd; a gnoll corpse You closely miss the gnoll.
You kick the gnoll, but do no damage. The gnoll barely misses you.
You barely miss the gnoll. The gnoll hits you but does no damage.
You hit the gnoll. Your kick misses the gnoll.
The gnoll is heavily wounded.
The gnoll blinks!
The gnoll closely misses you.
The gnoll hits you from afar with a spear!
The gnoll misses you. The gnoll hits you. The gnoll hits you!
* * * LOW HITPOINT WARNING * * *
The gnoll hits you from afar with a spear.
You die...

.....#
#.#................#
.#####
#.#................# .#
#.#..........).....# .#
#.#.####...........#
###########.#.#
#############
............#.#########
............(..........
#############(#g######
#.#.@# #)##)# #.##g#
#.##g. #.###.# #.# ..
#.# ..# #.. ..# ### #.#


You could see 3 gnolls.

Vanquished Creatures
  A gnoll (D:3)
  3 adders
  An ooze (D:2)
  3 giant geckos (D:2)
  A ball python (D:2)
  5 bats
  3 giant cockroaches
  8 hobgoblins
  14 jackals
  4 kobolds
  2 quokkas (D:2)
  3 giant newts (D:1)
  16 goblins
  6 rats
70 creatures vanquished.

Vanquished Creatures (others)
  A giant gecko (D:2)
  A hobgoblin (D:2)
2 creatures vanquished.

Grand Total: 72 creatures vanquished

Notes
Turn   | Place    | Note
--------------------------------------------------------------
     0 | D:1      | inmateoo the Demonspawn Wizard began the quest for the Orb.
     0 | D:1      | Reached XP level 1. HP: 13/13 MP: 4/4
   175 | D:1      | Gained mutation: You are partially covered in molten scales (AC +1). [demonic ancestry]
   175 | D:1      | Reached XP level 2. HP: 14/19 MP: 6/6
   350 | D:1      | Found a snail-covered altar of Cheibriados.
   374 | D:1      | Learned a level 2 spell: Blink
   745 | D:1      | Gained mutation: You have very sharp teeth. [potion of mutation]
   745 | D:1      | Gained mutation: Armour fits poorly on your strangely shaped body. [potion of mutation]
   746 | D:1      | Gained mutation: Your mind is acute. (Int +2) [potion of mutation]
   746 | D:1      | Gained mutation: You have large cloven feet. [potion of mutation]
   746 | D:1      | Gained mutation: You have extremely sharp teeth. [potion of mutation]
  1000 | D:1      | Became a worshipper of Cheibriados the Contemplative
  1200 | D:2      | Reached XP level 3. HP: 20/24 MP: 7/7
  1220 | D:2      | Learned a level 2 spell: Repel Missiles
  1225 | D:2      | Learned a level 3 spell: Conjure Flame
  1245 | D:2      | Reached skill level 1 in Maces & Flails
  1442 | D:2      | Noticed Robin
  2093 | D:2      | Acquired Cheibriados's first power
  2347 | D:2      | Banished Robin
  2347 | D:2      | Reached skill level 1 in Fighting
  2347 | D:2      | Gained mutation: You have hoof-like feet. [demonic ancestry]
  2347 | D:2      | Reached XP level 4. HP: 11/32 MP: 8/8
  2952 | D:3      | Slain by a gnoll

Vault maps used:
D:1:      sevenhm_arrival_forest_fort_small_6
D:2:      kennysheep_big_flooded_room, first_bread, uniq_robin

Action                   |  1- 3 |  4- 6 || total
-------------------------+-------+-------++-------
Melee: Whip              |   120 |    48 ||   168
       Unarmed           |     8 |       ||     8
 Cast: Magic Dart        |     9 |     5 ||    14
       Blink             |    31 |       ||    31
       Repel Missiles    |     2 |     1 ||     3
  Use: Potion            |     4 |       ||     4
       Scroll            |     5 |     2 ||     7
 Stab: Distracted        |     1 |       ||     1
       Sleeping          |     1 |     1 ||     2
  Eat: Chunk             |     6 |     1 ||     7
